AoeStats
← El Professor

Arena

510388825Analyzed
2v2 RM · 11h ago on Sep 30, 2026· 23m 30s· 4 players
Game mode
Random Map
Map size
Medium (4 player)
Population
200
Speed
Normal
Resources
Standard
Victory
Conquest
Starting age
Dark Age
Ending age
Imperial Age
RankedLock teamsTeams togetherTeam positionsShared explorationLock speedFull tech treeHidden civsTurbo modeCheats
Victory
Defeat
🇬🇧 Bohemians · United Kingdom
821
+16
🇪🇸 Franks · Spain
819
+16
🇹🇷 Turks · Türkiye
824
-16
🇹🇷 Khmer · Türkiye
819
-16
Remy
10:28 Feudal Age
15:51 Castle Age
El Professor
9:02 Loom
11:38 Feudal Age
9:58 Loom
16:39 Castle Age
15:23 Double-Bit Axe
16:33 Stone Mining
17:50 Scale Barding Armor
18:09 Bow Saw
19:29 Husbandry
20:33 Gold Mining
21:58 Forging
eazy-e
19:16 Feudal Age
23:31 Castle Age
22:37 Double-Bit Axe
22:34 Horse Collar
MaydanozBey
3:13 Loom
3:20 Loom
12:11 Feudal Age
16:34 Castle Age
15:52 Stone Mining
22:02 Double-Bit Axe
Connection lost

Rejoining the realm…

Still unreachable

The connection could not be restored.

Session expired

The server has moved on; the page needs a fresh start.